Map: Новое противостояние РВ

Players

ИИ 1 (эксперт) - Winner!

  • Race: Protoss Protoss
  • Spawn Location: 1:00

Doll

  • Race: Terran Terran
  • Spawn Location: 7:00

VOD

Have the link to the VOD?

Description

Time

  • Played on: Nov. 7, 2022, 3:21 p.m.
  • Length: 3:56
Show
View Real Time Build Order
Export as new Build Order

ИИ 1 (эксперт) Protoss - Winner!

Build Orders:  

Get SALT Encoding   

  12  0:00  Probe  
  13  0:13  Probe  
  14  0:20  Pylon  
  14  0:25  Probe  
  15  0:34  Probe  
  15  0:42  Probe  
  16  0:48  Assimilator  
  17  0:52  Gateway, Probe  
  18  1:00  Probe  
  18  1:01  Pylon  
  18  1:08  Probe  
  20  1:18  Probe  
  21  1:38  Gateway  
  21  1:39  Probe  
  24  1:40  Zealot  
  24  1:41  Cybernetics Core  
  24  1:49  Pylon  
  24  1:51  Probe  
  25  2:00  Probe  
  25  2:07  Zealot  
  28  2:08  Probe  
  29  2:25  Adept  
  31  2:30  Gateway  
  31  2:34  Adept  
  33  2:38  Gateway  
  33  2:50  Adept  
  33  2:56  Probe  
  36  2:58  Pylon  
  36  3:04  Adept  
  35  3:15  Zealot  
  35  3:16  Probe, Adept  
  34  3:25  Adept  
  40  3:41  Twilight Council  
Show
View Real Time Build Order
Export as new Build Order

Doll Terran 

Build Orders:  

Get SALT Encoding   

  12  0:00  SCV  
  13  0:13  SCV  
  14  0:19  Supply Depot  
  14  0:25  SCV  
  15  0:42  Barracks  
  15  0:48  Barracks  
  15  1:00  Barracks  
  15  1:04  SCV  
  16  1:14  Supply Depot  
  16  1:17  SCV  
  17  1:29  Marine  
  17  1:31  SCV  
  19  1:34  Marine  
  20  1:45  Barracks  
  20  1:47  Marine  
  20  1:50  Marine  
  20  1:54  Marine  
  23  2:05  Marine  
  24  2:08  Marine  
  24  2:11  Marine  
  24  2:13  Orbital Command  
  26  2:21  Refinery  
  26  2:25  Marine  
  26  2:27  Marine  
  26  2:29  Marine  
  28  2:32  Marine  
  30  2:41  Supply Depot  
  30  2:43  Marine  
  31  2:56  Barracks  
  31  3:04  Marine x2  
  31  3:05  Marine  
  34  3:06  SCV  
  32  3:18  SCV  
  30  3:22  Barracks  
  30  3:23  Barracks Tech Lab  
  30  3:24  Barracks Tech Lab  
  29  3:28  Refinery  
  28  3:37  SCV  
  28  3:38  Bunker  
  26  3:44  Barracks Tech Lab  
Tags
 
Add a new tag
Caveats
  • Supply blocks, unpowered buildings, or Contaminate may cause inaccurate times.
  • Supply counts are checked every 10 seconds.